 Dungeon Crawl Stone Soup version 0.17-a0-1105-gbe8b664 (webtiles) character file.

128 Perunarutto the Bolt Thrower (level 4, -8/29 HPs)
             Began as a High Elf Hunter on May 21, 2015.
             Killed by nerve-wracking pain
             ... invoked by an orc priest
              (14 damage)
             ... on level 3 of the Dungeon.
             The game lasted 00:15:40 (1550 turns).

Perunarutto the Bolt Thrower (High Elf Hunter)      Turns: 1550, Time: 00:15:40

Health: -8/29      AC:  8    Str: 11    XL:     4   Next: 86%
Magic:  5/5        EV: 11    Int: 15    God:
Gold:   125        SH:  0    Dex: 16    Spells: 0 memorised, 3 levels left

rFire  . . .     SeeInvis .     b - +2 hand crossbow
rCold  . . .     Clarity  +     o - +1 ring mail
rNeg   . . .     SustAb   .     (no shield)
rPois  .         Gourm    .     (no helmet)
rElec  .         Spirit   .     (no cloak)
rCorr  .         Warding  .     (no gloves)
rMut   .         Stasis   .     g - +1 pair of boots
MR     .....                    (no amulet)
Stlth  +.........               (no ring)
                                (no ring)

@: not resistant to hostile enchantments, very unstealthy
A: clarity
a: no special abilities


You were on level 3 of the Dungeon.
You were not hungry.

You visited 1 branch of the dungeon, and saw 3 of its levels.

You collected 125 gold pieces.

Inventory:

Hand weapons
 a - a +0 short sword
 b - a +2 hand crossbow (weapon)
Missiles
 c - 26 bolts (quivered)
 h - 68 arrows
 l - 18 poisoned needles
Armour
 d - a +0 leather armour
 g - a +1 pair of boots (worn)
 o - a +1 ring mail (worn)
Scrolls
 i - 3 scrolls of recharging
 j - 3 scrolls of teleportation
 q - a scroll of immolation
Potions
 k - a potion of heal wounds
 m - a potion of haste
Comestibles
 e - 2 bread rations
 p - 2 meat rations


   Skills:
 + Level 2.2 Fighting
 + Level 5.6 Crossbows
 + Level 1.0 Armour
 + Level 2.9 Dodging
 + Level 1.3 Stealth


You had 3 spell levels left.
You didn't know any spells.

Dungeon Overview and Level Annotations

Branches:
Dungeon (3/15)

Altars:
Cheibriados
Fedhas


Innate Abilities, Weirdness & Mutations

You possess an exceptional clarity of mind.


Message History

Firing (i - inventory):
c - 29 bolts (quivered)
Press: ? - help, Shift-Dir - straight line, f - orc
Aim: an orc, wielding a mace and wearing a ring mail You shoot a bolt.
The bolt hits the orc but does no damage.
Firing (i - inventory):
c - 28 bolts (quivered)
Press: ? - help, Shift-Dir - straight line, f/p - orc
Aim: an orc, wielding a mace and wearing a ring mail You shoot a bolt.
The bolt hits the orc.
You kill the orc!
The orc priest calls down the wrath of Beogh upon you.
Something smites you!
* * * LOW HITPOINT WARNING * * *
Firing (i - inventory):
c - 27 bolts (quivered)
Press: ? - help, Shift-Dir - straight line, f - orc priest
Aim: an orc priest, wielding a dagger You shoot a bolt.
The bolt closely misses the orc priest.
The orc priest invokes the aid of Beogh against you.
Pain shoots through your body!
You die...

#.# #
#########
###.###
#.......#
#.....#
#.......#
#.....#
#.......#
#########
#.....+
######.......#
#.......#
#.....#
..)†.).......#
#.#####.#
#.###.#
.##....#######
#.# #.# #.# ..
.##.)..# #@#
#.# #.# ##
.##....# #.#
#.####.# #
.##....# #)#
#......# ##
.##....#
###o###
######## #.
.#######
#..(..# #. .#
#.o...# #. .#
####.....# #.
.#######
#........# #.
.....>.#
#........#
########.


You could see an orc priest and an orc.

Vanquished Creatures
  Terence (D:3)
  4 gnolls (D:3)
  2 adders
  An ooze (D:2)
  2 worms (D:2)
  2 giant geckos
  An orc (D:3)
  2 bats
  2 giant cockroaches
  4 goblins
  7 hobgoblins
  2 jackals (D:2)
  3 kobolds
  2 giant newts
  3 rats
38 creatures vanquished.

Notes
Turn   | Place    | Note
--------------------------------------------------------------
     0 | D:1      | Perunarutto the High Elf Hunter began the quest for the Orb.
     0 | D:1      | Reached XP level 1. HP: 14/14 MP: 2/2
   120 | D:1      | Reached XP level 2. HP: 16/19 MP: 3/3
   165 | D:1      | You fall through a shaft!
   249 | D:2      | Reached XP level 3. HP: 6/24 MP: 4/4
   694 | D:2      | Found a snail-covered altar of Cheibriados.
   804 | D:2      | Found a blossoming altar of Fedhas.
   875 | D:3      | Reached skill level 5 in Crossbows
   888 | D:3      | Reached XP level 4. HP: 12/29 MP: 5/5
   937 | D:3      | Gained mutation: You possess an exceptional clarity of mind. [potion of beneficial mutation]
  1465 | D:3      | Noticed Terence
  1480 | D:3      | Killed Terence
  1480 | D:3      | Reached skill level 1 in Armour
  1550 | D:3      | Killed from afar by an orc priest

Vault maps used:
D:1:      mrwooster_arrival_arrow
D:2:      tgw_fedhas, nicolae_overflow_hidden_temple, first_bread
D:3:      uniq_terence, uniq_iyjb

Action                   |  1- 3 |  4- 6 || total
-------------------------+-------+-------++-------
Melee: Short sword       |    12 |       ||    12
 Fire: Hand crossbow     |    67 |    33 ||   100
  Use: Scroll            |     2 |     7 ||     9
       Potion            |     2 |     1 ||     3
  Eat: Bread ration      |       |     1 ||     1
